 Dungeon Crawl Stone Soup version 0.18.1-50-g88ac8fd (webtiles) character file.

8298 thewizardguy the Blocker (level 11, -11/94 HPs)
             Began as a Minotaur Fighter on Oct 3, 2016.
             Mangled by Gastronok (22 damage)
             ... on level 1 of the Orcish Mines.
             The game lasted 01:22:37 (8157 turns).

thewizardguy the Blocker (Minotaur Fighter)         Turns: 8157, Time: 01:22:38

Health: -11/94     AC: 16    Str: 21 (23) XL:     11   Next: 8%
Magic:  3/3        EV: 14    Int:  5 (7)  God:    Xom [.....*]
Gold:   341        SH: 18    Dex: 17 (19) Spells: 0 memorised, 10 levels left

rFire  . . .     SeeInvis .     D - +4 long sword "Wile Hoegu" {antimagic, rElec}
rCold  . . .     Gourm    .     b - +0 scale mail
rNeg   . . .     Faith    .     c - +2 shield
rPois  .         Spirit   .     (helmet restricted)
rElec  +         Dismiss  .     (no cloak)
rCorr  .         Reflect  +     n - +0 pair of gloves
SustAt .         Harm     .     k - +0 pair of boots
MR     .....                    m - +3 amulet of reflection
Stlth  +.........               C - ring of Bimun {Int+2 Dex+6}
                                q - +3 ring of protection

@: slowed, very slow, not resistant to hostile enchantments, very unstealthy
A: retaliatory headbutt, horns 2, icy blue scales 1, molten scales 1, agile 1,
low mp 1, electricity resistance
a: Renounce Religion


You were on level 1 of the Orcish Mines.
You worshipped Xom.
You were Xom's teddy bear.
You were not hungry.

You visited 3 branches of the dungeon, and saw 11 of its levels.

You collected 341 gold pieces.

Inventory:

Hand Weapons
 a - a +0 long sword
 p - a +0 vampiric dagger
 D - the +4 long sword "Wile Hoegu" (weapon) {antimagic, rElec}
   (You found it on level 6 of the Dungeon)

   It disrupts the flow of magical energy around spellcasters and certain
   magical creatures (including the wielder).
   It insulates you from electricity.
Armour
 b - a +0 scale mail (worn)
 c - a +2 shield (worn)
 k - a +0 pair of boots (worn)
 n - a +0 pair of gloves (worn)
 H - a +0 plate armour
Magical Staves
 v - an uncursed staff of death {unknown}
Jewellery
 m - a +3 amulet of reflection (around neck)
 q - a +3 ring of protection (left hand)
 s - an uncursed ring of wizardry
 C - the ring of Bimun (right hand) {Int+2 Dex+6}
   (Xom gifted it to you on level 7 of the Dungeon)

   [ring of dexterity]

   It affects your intelligence (+2).
   It affects your dexterity (+6).
 E - an uncursed ring of poison resistance
 L - an uncursed ring of flight
Wands
 o - a wand of flame (20/48)
 w - a wand of paralysis (17/24)
 x - a wand of iceblast (1/15)
 y - a wand of disintegration (7/24)
 B - a wand of lightning (4/15)
 G - a wand of paralysis (6/24)
 K - a wand of disintegration (5/24)
 M - a wand of iceblast (0/15)
 O - a wand of iceblast (8/15)
Scrolls
 e - a scroll of recharging
 g - 6 scrolls of identify
 r - 2 scrolls of enchant armour
 u - a scroll of remove curse
Potions
 h - a potion of berserk rage {unknown}
 j - 2 potions of brilliance
 A - 4 potions of curing
Books
 d - a book of Flames

   Spells                             Type                      Level
   a - Flame Tongue                   Conjuration/Fire             1
   b - Throw Flame                    Conjuration/Fire             2
   c - Conjure Flame                  Conjuration/Fire             3
   d - Inner Flame                    Hexes/Fire                   3
   e - Sticky Flame                   Conjuration/Fire             4
   f - Fireball                       Conjuration/Fire             5
 N - a book of Cantrips

   Spells                             Type                      Level
   a - Corona                         Hexes                        1
   b - Animate Skeleton               Necromancy                   1
   c - Summon Small Mammal            Summoning                    1
   d - Apportation                    Translocation                1
Miscellaneous
 t - a plain deck of summoning {drawn: 3}
 P - a phial of floods (inert)
Comestibles
 f - 8 bread rations
 i - 3 slices of pizza
 l - 7 fruits
 z - a chunk of flesh
 J - 7 beef jerkies


   Skills:
 + Level 8.3 Fighting
 + Level 9.1 Long Blades
 + Level 8.7 Armour
 + Level 7.3 Dodging
 + Level 3.8 Stealth
 + Level 11.3 Shields
 + Level 3.0 Evocations


You had 10 spell levels left.
You didn't know any spells.

Dungeon Overview and Level Annotations

Branches:
Dungeon (9/15)             Temple (1/1) D:6             Orc (1/2) D:9
   Lair: D:8-11

Altars:
Ashenzari
Cheibriados
Dithmenos
Elyvilon
Fedhas
Gozag
Kikubaaqudgha
Nemelex Xobeh
Okawaru
Pakellas
Qazlal
Ru
Sif Muna
Trog
Vehumet
Xom
Yredelemnul
Zin
The Shining One

Shops:
D:9 }

Annotations:
Orc:1 Gastronok


Innate Abilities, Weirdness & Mutations

You reflexively headbutt those who attack you in melee.
You have a pair of horns on your head.
You are partially covered in icy blue scales (AC +1).
You are partially covered in molten scales (AC +1).
You are agile. (Dex +2)
Your magical capacity is low (-10% MP).
You are resistant to electric shocks.


Message History

Gastronok resists with almost no effort.
This wand has 6 charges left.
Gastronok waves his eye-stalks in wide circles.
The air twists around and strikes you!
* * * LOW HITPOINT WARNING * * *
Xom roars with laughter!
Found 30 gold pieces.
Found 27 gold pieces.
You slash Gastronok!
Gastronok's magic leaks into the air.
Gastronok is lightly wounded.
Gastronok misses you. You furiously retaliate!
You headbutt Gastronok. You hit Gastronok but do no damage.
You headbutt Gastronok!
Gastronok is lightly wounded.
You block Gastronok's attack.
You slash Gastronok!
Gastronok's magic leaks into the air.
Gastronok is moderately wounded.
Xom asks Qazlal to spice things up a little.
Gastronok bites you!!
You die...
Xom snickers!

.#.............
$..........#....
......#.........#
..$..............
.........#.....$.
.......§§.......
......§§§..#..##
......w@§§.....##
.$....§§§........
.......§.<>......
..........[[.....
.................
.................
#..........#.#...
#...........#. ..
......#...#... #


You could see Gastronok.

Vanquished Creatures
  A catoblepas (D:9)
  A hill giant (D:9)
  Pikel (D:8)
  A cyclops (D:9)
  Psyche (D:8)
  2 trolls (D:9)
  Grinder (D:4)
  Prince Ribbit (D:7)
  A two-headed ogre (D:8)
  Sigmund (D:3)
  Eustachio (D:4)
  3 wraiths (D:9)
  3 hippogriffs
  A basilisk (D:6)
  Menkaure (D:5)
  2 orc warriors
  An ice beast (D:9)
  2 sky beasts
  6 ogres
  5 phantoms
  2 necrophages
  A centaur (D:6)
  6 giant frogs
  A big kobold (D:8)
  Blork the orc (D:4)
  A wyvern zombie (D:6)
  A scorpion (D:6)
  3 howler monkeys (D:7)
  A crimson imp (D:9)
  A giant frog zombie (D:5)
  A quasit (D:9)
  A hound (D:7)
  7 orc priests
  Crazy Yiuf (D:6)
  8 orc wizards
  A giant frog skeleton (D:8)
  An iguana (D:7)
  7 worker ants
  A worker ant zombie (D:5)
  Robin (D:4)
  A howler monkey zombie (D:9)
  3 gnolls (D:7)
  6 adders
  A shadow imp (D:5)
  An ooze (D:2)
  2 dart slugs (D:1)
  2 worms
  2 giant geckos
  31 orcs
  4 giant cockroaches
  12 goblins
  8 hobgoblins
  9 jackals
  14 kobolds
  4 quokkas
  A ball python (D:4)
  8 bats
  A giant gecko skeleton (D:4)
  4 giant newts
  6 rats
203 creatures vanquished.

Vanquished Creatures (collateral kills)
  Josephine (D:9)
  2 orcs (D:5)
3 creatures vanquished.

Vanquished Creatures (others)
  4 slaves (D:8)
  A centaur (D:9)
  An adder (D:8)
  A shadow imp (D:9)
  A kobold (D:8)
8 creatures vanquished.

Grand Total: 214 creatures vanquished

Notes
Turn   | Place    | Note
--------------------------------------------------------------
     0 | D:1      | thewizardguy the Minotaur Fighter began the quest for the Orb.
     0 | D:1      | Reached XP level 1. HP: 19/19 MP: 0/0
   627 | D:1      | Reached XP level 2. HP: 27/27 MP: 1/1
   718 | D:1      | Reached skill level 4 in Shields
  1594 | D:2      | Reached XP level 3. HP: 33/33 MP: 2/2
  2189 | D:3      | Noticed Sigmund
  2197 | D:3      | Killed Sigmund
  2197 | D:3      | Reached skill level 5 in Armour
  2197 | D:3      | Reached skill level 1 in Dodging
  2197 | D:3      | Reached skill level 5 in Shields
  2197 | D:3      | Reached XP level 4. HP: 25/41 MP: 3/3
  2197 | D:3      | Reached XP level 5. HP: 29/47 MP: 4/4
  2281 | D:3      | Gained mutation: You are agile. (Dex +2) [potion of mutation]
  2281 | D:3      | Gained mutation: You occasionally shout uncontrollably at your foes. [potion of mutation]
  2281 | D:3      | Gained mutation: You have sharp fingernails. [potion of mutation]
  2292 | D:3      | Gained mutation: Your magical capacity is low (-10% MP). [potion of mutation]
  2292 | D:3      | Gained mutation: You are partially covered in molten scales (AC +1). [potion of mutation]
  2292 | D:3      | Gained mutation: Your muscles are strong. (Str +2) [potion of mutation]
  2479 | D:3      | Found a deep blue altar of Sif Muna.
  3022 | D:4      | Found a shimmering altar of Xom.
  3030 | D:4      | Noticed a phantom
  3038 | D:4      | Became a worshipper of Xom of Unknown Intent
  3046 | D:4      | Noticed a sky beast
  3048 | D:4      | XOM: potion effect (invisibility)
  3063 | D:4      | Killed a sky beast
  3063 | D:4      | Reached XP level 6. HP: 3/55 MP: 4/4
  3072 | D:4      | Noticed Grinder
  3189 | D:4      | XOM: potion effect (berserk rage)
  3196 | D:4      | Killed Grinder
  3196 | D:4      | Reached skill level 5 in Fighting
  3196 | D:4      | Reached XP level 7. HP: 38/61 MP: 5/5
  3208 | D:4      | Noticed Eustachio
  3258 | D:4      | XOM: potion effect (invisibility)
  3274 | D:4      | Killed Eustachio
  3274 | D:4      | Reached skill level 6 in Shields
  3287 | D:4      | Noticed Blork the orc
  3299 | D:4      | Killed Blork the orc
  3355 | D:4      | XOM: silly message
  3378 | D:4      | Reached skill level 1 in Stealth
  3422 | D:4      | Noticed Robin
  3443 | D:4      | Killed Robin
  3472 | D:4      | XOM: harmless Ice miscast
  3539 | D:4      | XOM: god gift: jade ring {god gift}
  3800 | D:5      | Entered Level 5 of the Dungeon
  3872 | D:5      | Reached XP level 8. HP: 68/68 MP: 6/6
  3957 | D:5      | Reached skill level 5 in Long Blades
  3963 | D:5      | Lost mutation: You occasionally shout uncontrollably at your foes. [mutagenic meat]
  3964 | D:5      | Lost mutation: Your muscles are strong. (Str +2) [mutagenic meat]
  3965 | D:5      | Gained mutation: You are frail (-10% HP). [mutagenic meat]
  4013 | D:5      | Reached skill level 7 in Shields
  4123 | D:5      | XOM: divination: detect items
  4126 | D:5      | Noticed Menkaure
  4126 | D:5      | XOM: scenery: 1 doors close
  4130 | D:5      | XOM: summons friendly quasit
  4139 | D:5      | Killed Menkaure
  4354 | D:5      | Found a glowing silver altar of Zin.
  4511 | D:6      | Got a shimmering long sword
  4529 | D:6      | Identified the +4 long sword "Wile Hoegu" {antimagic, rElec} (You found it on level 6 of the Dungeon)
  4596 | D:6      | XOM: fog
  4612 | D:6      | Found an ancient bone altar of Kikubaaqudgha.
  4786 | D:6      | Found a shadowy altar of Dithmenos.
  4794 | D:6      | XOM: fog
  4799 | D:6      | Reached skill level 8 in Shields
  4799 | D:6      | Reached skill level 1 in Evocations
  4942 | D:6      | Noticed Crazy Yiuf
  4947 | D:6      | Killed Crazy Yiuf
  5190 | D:6      | Found a staircase to the Ecumenical Temple.
  5202 | Temple   | Entered the Ecumenical Temple
  5276 | Temple   | XOM: 3-stop teleportation journey
  5553 | D:7      | Reached XP level 9. HP: 67/67 MP: 2/7
  5589 | D:7      | Noticed Prince Ribbit
  5599 | D:7      | Killed Prince Ribbit
  5612 | D:7      | Reached skill level 5 in Dodging
  5667 | D:7      | Reached skill level 9 in Shields
  5831 | D:7      | XOM: swap monsters
  6009 | D:7      | XOM: summons friendly white imp
  6015 | D:7      | Found an iron altar of Okawaru.
  6142 | D:7      | XOM: god gift: clouded glass ring {god gift}
  6143 | D:7      | Got a clouded glass ring {god gift}
  6145 | D:7      | Identified the ring of Bimun {Int+2 Dex+6} (Xom gifted it to you on level 7 of the Dungeon)
  6444 | D:8      | Lost mutation: You are frail (-10% HP). [potion of cure mutation]
  6444 | D:8      | Lost mutation: You have sharp fingernails. [potion of cure mutation]
  6487 | D:8      | XOM: divine lightning (protected)
  6523 | D:8      | Reached skill level 10 in Shields
  6539 | D:8      | XOM: divination: magic mapping
  6565 | D:8      | Noticed Pikel
  6573 | D:8      | Killed Pikel
  6573 | D:8      | Reached XP level 10. HP: 19/86 MP: 3/9
  6737 | D:8      | XOM: vitrification
  7109 | D:8      | XOM: harmless Fire miscast
  7205 | D:8      | Noticed Psyche
  7210 | D:8      | Killed Psyche
  7315 | D:9      | XOM: confuse monster(s)
  7373 | D:9      | XOM: god gift: hardcover book {god gift}
  7413 | D:9      | Found an oddly glowing altar of Pakellas.
  7413 | D:9      | Found Pakellas's Prime Provisions.
  7524 | D:9      | XOM: 2-stop teleportation journey
  7554 | D:9      | Found a staircase to the Orcish Mines.
  7705 | D:9      | Noticed a catoblepas
  7719 | D:9      | Killed a catoblepas
  7719 | D:9      | Reached skill level 11 in Shields
  7800 | D:9      | Noticed a hill giant
  7808 | D:9      | Killed a hill giant
  7905 | D:9      | XOM: give mutations
  7905 | D:9      | Gained mutation: You are resistant to electric shocks. [Xom's grace]
  7905 | D:9      | Gained mutation: You are partially covered in icy blue scales (AC +1). [Xom's grace]
  7962 | D:9      | Noticed a cyclops
  7962 | D:9      | XOM: butterfly on damage
  7972 | D:9      | Killed a cyclops
  8067 | Orc:1    | Entered Level 1 of the Orcish Mines
  8067 | Orc:1    | Noticed Josephine
  8071 | Orc:1    | Noticed Gastronok
  8097 | D:9      | Xom revived you
  8103 | D:9      | Killed Josephine
  8103 | D:9      | Reached XP level 11. HP: 23/94 MP: 3/10
  8105 | D:9      | XOM: destruction
  8157 | Orc:1    | XOM: fog
  8157 | Orc:1    | Mangled by Gastronok

Skill      XL: |  1  2  3  4  5  6  7  8  9 10 |
---------------+-------------------------------+-----
Shields        | 4 5 6 8 10 11 | 11.3
Armour         | 4 5 6 7 8 |  8.7
Fighting       | 4 5 6 7 8 |  8.3
Long Blades    | 3 4 5 7 9 |  9.1
Dodging        | 1 2 3 4 5 7 |  7.3
Stealth        | 1 2 3 |  3.8
Evocations     | 1 2 3 |  3.0

Action                   |  1- 3 |  4- 6 |  7- 9 | 10-12 || total
-------------------------+-------+-------+-------+-------++-------
Melee: Long sword        |    67 |    56 |   345 |   141 ||   609
       Headbutt          |    13 |     9 |    84 |    39 ||   145
Evoke: Deck              |       |       |     1 |     2 ||     3
       Wand              |       |       |    19 |     7 ||    26
       Phial of floods   |       |       |       |     1 ||     1
  Use: Scroll            |     1 |     6 |     8 |     3 ||    18
       Potion            |     1 |     5 |     5 |     5 ||    16
 Stab: Invisible         |       |       |     2 |       ||     2
       Distracted        |       |       |     1 |       ||     1
       Paralysed         |       |       |     2 |     9 ||    11
       Confused          |       |       |       |     1 ||     1
  Eat: Chunk             |     2 |     1 |    15 |     5 ||    23
       Bread ration      |     1 |       |       |       ||     1
       Fruit             |       |       |     3 |       ||     3
Armor: Scale mail        |    25 |    22 |    85 |    59 ||   191
Dodge: Dodged            |    19 |    12 |   115 |    75 ||   221
Block: Shield            |    45 |    31 |   286 |   145 ||   507
       Reflection        |     3 |       |     5 |     3 ||    11
